 Dungeon Crawl Stone Soup version 0.29.1-2-gbd0b4ee654 (webtiles) character file.

Game seed: 5265930938051454097

38 xian the Trooper (level 3, -8/29 HPs)
             Began as a Demonspawn Abyssal Knight on Nov 13, 2022.
             Was a Believer of Lugonu.
             Killed by divine providence
             ... invoked by an orc priest
              (10 damage)
             ... on level 3 of the Dungeon.
             The game lasted 00:02:55 (1991 turns).

xian the Trooper (Demonspawn Abyssal Knight)        Turns: 1991, Time: 00:02:56

Health: -8/29      AC:  6    Str: 13 (15) XL:     3   Next: 25%
Magic:  5/5        EV:  9    Int:  8 (11) God:    Lugonu [**....]
Gold:   115        SH:  0    Dex: 11 (13) Spells: 2/2 levels left

rFire   . . .      SeeInvis .   a - +1 short sword
rCold   . . .      Faith    .   (no shield)
rNeg    . . .      Spirit   .   e - +0 scale mail
rPois   .          Reflect  .   (no helmet)
rElec   .          Harm     .   (no cloak)
rCorr   .          Rampage  .   (no gloves)
Will    .....                   (no boots)
Stlth   ..........              (no amulet)
HPRegen 0.09/turn               (no ring)
MPRegen 0.18/turn               (no ring)

@: mighty, flying
A: magic regeneration
a: Renounce Religion, Depart the Abyss, Bend Space


You were on level 3 of the Dungeon.
You worshipped Lugonu.
Lugonu was pleased with you.
You visited 1 branch of the dungeon, and saw 4 of its levels.
You visited the Abyss 1 time.

You collected 115 gold pieces.

Inventory:

Hand Weapons
 a - a +1 short sword (weapon)
Armour
 e - a +0 scale mail (worn)
Scrolls
 b - a scroll of blinking {unknown}
 d - 3 scrolls of identify {unknown}
 g - a scroll of amnesia {unknown}
 i - a scroll of enchant armour {unknown}
Potions
 j - a potion of curing {unknown}
 k - a potion of mutation {unknown}


   Skills:
 + Level 3.4 Fighting
 + Level 2.3 Short Blades
 + Level 2.1 Armour
 + Level 1.1 Dodging
 * Level 2.9 Invocations


You had 2 spell levels left.
You didn't know any spells.
Your spell library contained the following spells:

 Spells                   Type           Power      Damage    Failure   Level
 Apportation              Tloc           0%         N/A       90%         1
 Alistair's Intoxication  Tmut/Pois      0%         N/A       100%        5


Dungeon Overview and Level Annotations

Branches:
Dungeon (4/15)
 Temple: D:4-7

Altars:

Annotations:
D:4 Grinder


Innate Abilities, Weirdness & Mutations

You regenerate magic rapidly.


Message History

You hit the orc priest but do no damage.
The orc priest is heavily wounded.
The orc priest hits you but does no damage.
You hit the orc priest.
The orc priest is severely wounded.
The orc priest hits you with a +0 mace.
You hit the orc priest but do no damage.
The orc priest is severely wounded.
The orc priest barely misses you.
You completely miss the orc priest.
The orc priest is severely wounded.
The orc priest mumbles some strange prayers to Beogh against you.
Beogh smites you!
* * * LOW HITPOINT WARNING * * *
You hit the orc priest but do no damage.
The orc priest is severely wounded.
The orc priest hits you with a +0 mace.
* * * LOW HITPOINT WARNING * * *
Unknown command.
You hit the orc priest.
The orc priest is almost dead.
The orc priest closely misses you.
You hit the orc priest but do no damage.
The orc priest is almost dead.
The orc priest barely misses you.
Unknown command.
It was a potion of degeneration.
There was something very wrong with that liquid.
You feel weakened.
You feel dopey.
You feel clumsy. The orc priest barely misses you.
Unknown command.
It was a potion of flight.
You feel very buoyant.
You fly up into the air.
The orc priest begins to cast a cantrip, but forgets the words!
It was a potion of might.
You feel very mighty all of a sudden.
The orc priest calls down the wrath of Beogh upon you.
Beogh smites you!
You die...

. ####### ...
##.......
.#$..#####...#.####
.........).#.....!.
##..######.†.#####
##.##
#..#######.#######..
#.$ooo@.....).......#
#...####.###.#####..#
... ..[.##......... #
#.......>.....<#
##...###########
##.## ###


You could see an orc priest and 2 orcs.

Vanquished Creatures
  2 orcs (D:3)
  3 ball pythons (D:1)
  2 endoplasms
  A giant cockroach (D:1)
  3 goblins
  7 hobgoblins
  4 jackals (D:1)
  3 kobolds (D:1)
  2 bats (D:1)
  2 frilled lizards (D:1)
  A rat (D:1)
30 creatures vanquished.

Notes
Turn   | Place    | Note
-------+----------+-------------------------------------------
     0 | Abyss:1  | xian the Demonspawn Abyssal Knight began the quest for the
                  | Orb.
     0 | Abyss:1  | Reached XP level 1. HP: 18/18 MP: 2/2
     4 | Abyss:1  | Found a corrupted altar of Lugonu.
    36 | Abyss:2  | Noticed a small abomination
    53 | Abyss:2  | Noticed an ice devil
    55 | D:1      | Escaped the Abyss
   146 | D:1      | Reached ** piety under Lugonu
   508 | D:1      | Gained mutation: You regenerate magic rapidly. [demonic
                  | ancestry]
   508 | D:1      | Reached XP level 2. HP: 11/24 MP: 3/3
  1056 | D:1      | Reached skill level 1 in Dodging
  1224 | D:1      | Found a faded altar of an unknown god.
  1719 | D:2      | Reached XP level 3. HP: 29/29 MP: 5/5
  1793 | D:2      | You fall into a shaft and drop 2 floors!
  1815 | D:4      | Noticed Grinder
  1991 | D:3      | Killed from afar by an orc priest

Illustrated notes

Levels and vault maps discovered:
D:1:      saegor_arrival_simple_e, layout_basic,
          hellmonk_ecumenical_altar_run_dry, hex_large, grunt_decor_resistance,
          chequers_serial_rivers_micro_a, palyth_stone_intersect
D:2:      layout_loops_corners, serial_shops, shop, basic_altar,
          chequers_serial_rivers_small_3, uniq_jessica
D:3:      layout_loops_ring
D:4:      layout_basic, kiku_gazebo_pond_becter, minmay_surrounded,
          uniq_grinder, uniq_sigmund, uniq_natasha

Skill      XL: |  1  2 |
---------------+-------+-----
Short Blades   | 2 |  2.3
Armour         | 2 |  2.1
Dodging        | 1 |  1.1
Fighting       | |  3.4
Invocations    | |  2.9

Action                   || total
-------------------------++-------
Melee: Short sword       ||   144
       Punch             ||     2
Invok: Depart the Abyss  ||     1
  Use: Potion            ||     3
Armor: Leather armour    ||    18
       Scale mail        ||    31
Dodge: Dodged            ||    80
